 Dungeon Crawl Stone Soup version 0.18.1-50-g88ac8fd (webtiles) character file.

240 Gargoyl the Covered (level 5, -3/42 HPs)
             Began as a Demonspawn Abyssal Knight on Oct 3, 2016.
             Was a Follower of Lugonu.
             Slain by Crazy Yiuf
             ... wielding a +2 quarterstaff of chaos
              (11 damage)
             ... on level 2 of the Dungeon.
             The game lasted 00:03:44 (2273 turns).

Gargoyl the Covered (Demonspawn Abyssal Knight)     Turns: 2273, Time: 00:03:44

Health: -3/42      AC: 11    Str: 13    XL:     5   Next: 80%
Magic:  7/7        EV:  3    Int: 13    God:    Lugonu [*.....]
Gold:   46         SH:  0    Dex: 13    Spells: 0 memorised, 4 levels left

rFire  . . .     SeeInvis .     a - +1 hand axe
rCold  . . .     Gourm    .     m - +0 plate armour
rNeg   . . .     Faith    .     (no shield)
rPois  .         Spirit   .     (helmet restricted)
rElec  .         Dismiss  .     (no cloak)
rCorr  .         Reflect  .     (no gloves)
SustAt .         Harm     .     (no boots)
MR     .....                    (no amulet)
Stlth  ..........               (no ring)
                                (no ring)

@: lethally poisoned (-3 -> -4), drained, not resistant to hostile enchantments,
extremely unstealthy
A: antennae 2, rot immunity
a: Depart the Abyss, Renounce Religion


You were on level 2 of the Dungeon.
You worshipped Lugonu.
Lugonu was aware of your devotion.
You were not hungry.

You visited 1 branch of the dungeon, and saw 2 of its levels.
You visited the Abyss 1 time.

You collected 46 gold pieces.

Inventory:

Hand Weapons
 a - a +1 hand axe (weapon)
Armour
 m - a +0 plate armour (worn)
Scrolls
 g - 3 scrolls of identify {unknown}
 h - a scroll of amnesia {unknown}
 j - a scroll of enchant armour {unknown}
 k - 2 scrolls of recharging {unknown}
Potions
 b - 2 potions of curing
 i - a potion of mutation {unknown}
 l - a potion of flight {unknown}
Comestibles
 c - a bread ration
 d - 5 chunks of flesh


   Skills:
 + Level 3.9(3.4) Fighting
 + Level 2.4(1.9) Axes
 * Level 4.1(3.7) Armour
 + Level 1.1(0.7) Dodging
 * Level 3.9(3.4) Invocations


You had 4 spell levels left.
You didn't know any spells.

Dungeon Overview and Level Annotations

Branches:
Dungeon (2/15)

Altars:

Annotations:
D:2 Crazy Yiuf


Innate Abilities, Weirdness & Mutations

You have a pair of antennae on your head.
You are immune to rotting.


Message History

Crazy Yiuf whimpers, "Race!"
Crazy Yiuf hits you with a quarterstaff of chaos.
Crazy Yiuf burns you.
You barely miss Crazy Yiuf.
Crazy Yiuf is almost dead.
You feel sick. Crazy Yiuf hits you but does no damage.
You feel drained.
You hit Crazy Yiuf.
Crazy Yiuf is almost dead.
Crazy Yiuf hits you but does no damage.
You closely miss Crazy Yiuf.
Crazy Yiuf is almost dead.
Crazy Yiuf hits you with a quarterstaff of chaos!
* * * LOW HITPOINT WARNING * * *
Crazy Yiuf burns you.
* * * LOW HITPOINT WARNING * * *
You closely miss Crazy Yiuf.
Crazy Yiuf is almost dead.
You feel sick.
Crazy Yiuf hits you with a quarterstaff of chaos!
You die...

#####.# #...........# #......#
......####.##############.#.####
.##.#.##.#.# #....)...#.#
.#.###..#### #######....#
###.#...# ###### ......#.#######
####..###...#.### ###
.....)#......#..##...#
####.#......####@g...#
#....#..## ###..)# #....#### ###
# #....# ####....# ##......#####
..<.........# ##..........#
####...#####


You could see Crazy Yiuf.

Vanquished Creatures
  Sigmund (D:2)
  Terence (D:2)
  4 adders (D:2)
  A worm (D:2)
  A dart slug (D:1)
  A giant gecko (D:2)
  A ball python (D:2)
  2 bats (D:2)
  A giant cockroach (D:1)
  4 goblins
  4 hobgoblins
  2 kobolds (D:2)
  A quokka (D:2)
  A giant newt (D:2)
  2 rats
27 creatures vanquished.

Notes
Turn   | Place    | Note
--------------------------------------------------------------
     0 | Abyss:1  | Gargoyl the Demonspawn Abyssal Knight began the quest for the Orb.
     0 | Abyss:1  | Reached XP level 1. HP: 18/18 MP: 2/2
    10 | Abyss:2  | Found a corrupted altar of Lugonu.
    71 | Abyss:2  | Noticed a ynoxinul
    86 | Abyss:2  | Noticed a golden eye
    86 | Abyss:2  | Noticed a golden eye
    86 | Abyss:2  | Noticed a golden eye
    86 | Abyss:2  | Noticed a golden eye
    86 | Abyss:2  | Noticed a golden eye
    87 | D:1      | Escaped the Abyss
   273 | D:1      | Reached skill level 2 in Armour
   683 | D:2      | Gained mutation: You have a pair of small antennae on your head. [demonic ancestry]
   683 | D:2      | Reached XP level 2. HP: 24/24 MP: 4/4
   685 | D:2      | Reached * piety under Lugonu
   721 | D:2      | Reached skill level 1 in Dodging
   961 | D:2      | Gained mutation: You have a pair of antennae on your head. [demonic ancestry]
   961 | D:2      | Reached XP level 3. HP: 28/29 MP: 5/5
  1247 | D:2      | Noticed Terence
  1275 | D:2      | Killed Terence
  1275 | D:2      | Gained mutation: You are immune to rotting. [demonic ancestry]
  1275 | D:2      | Reached XP level 4. HP: 17/36 MP: 6/6
  1489 | D:2      | Reached skill level 3 in Armour
  2130 | D:2      | Noticed Sigmund
  2164 | D:2      | Killed Sigmund
  2164 | D:2      | Reached skill level 4 in Armour
  2164 | D:2      | Reached XP level 5. HP: 30/42 MP: 7/7
  2249 | D:2      | Noticed Crazy Yiuf
  2273 | D:2      | Slain by Crazy Yiuf

Skill      XL: |  1  2  3  4 |
---------------+-------------+-----
Armour         | 2 4 |  4.1
Dodging        | 1 |  1.1
Axes           | 2 |  2.4
Invocations    | 3 |  3.9
Fighting       | |  3.9

Action                   |  1- 3 |  4- 6 || total
-------------------------+-------+-------++-------
Melee: Hand axe          |    89 |    69 ||   158
Invok: Depart the Abyss  |     1 |       ||     1
  Use: Potion            |       |     6 ||     6
  Eat: Chunk             |     1 |     1 ||     2
       Bread ration      |       |     1 ||     1
Armor: Chain mail        |    61 |     5 ||    66
       Plate armour      |       |    29 ||    29
Dodge: Dodged            |    25 |    19 ||    44
